 Dungeon Crawl Stone Soup version 0.27.0-1-g7a089689b8 (webtiles) character file.

Game seed: 13800311098807490075

718 wingedge the Skirmisher (level 8, 0/64 HPs)
             Began as a Human Wanderer on Aug 6, 2021.
             Was a Believer of Qazlal.
             Slain by a gnoll (4 damage)
             ... on level 5 of the Dungeon.
             The game lasted 00:35:48 (4403 turns).

wingedge the Skirmisher (Human Wanderer)            Turns: 4403, Time: 00:35:48

Health: 0/64       AC:  5    Str: 12    XL:     8   Next: 1%
Magic:  5/9        EV: 12    Int: 15    God:    Qazlal [**....]
Gold:   100        SH:  2    Dex: 13    Spells: 7/7 levels left

rFire    . . .     SeeInvis .   E - +2 falchion (vorpal)
rCold    . . .     Faith    .   (no shield)
rNeg     . . .     Spirit   .   B - +1 robe {Will+}
rPois    .         Reflect  .   (no helmet)
rElec    .         Harm     .   u - scarf {+Inv}
rCorr    .         Rampage  .   s - +0 pair of gloves
Will     +....                  k - +0 pair of boots
Stlth    ++........             (no amulet)
HPRegen  0.20/turn              (no ring)
MPRegen  0.11/turn              (no ring)

@: no status effects
A: no striking features
a: Renounce Religion, Evoke Invisibility, Upheaval


You were on level 5 of the Dungeon.
You worshipped Qazlal.
Qazlal was pleased with you.
You visited 2 branches of the dungeon, and saw 6 of its levels.

You collected 166 gold pieces.
You spent 66 gold pieces at shops.

Inventory:

Hand Weapons
 b - a +1 hunting sling of freezing
 d - a +0 dagger of holy wrath
 q - a +1 dire flail of holy wrath
 D - a +2 whip of venom
 E - a +2 vorpal falchion (weapon)
Missiles
 g - 35 sling bullets
 t - 24 arrows
 C - a curare-tipped dart
Armour
 e - a +0 robe
 k - a +0 pair of boots (worn)
 o - a +0 chain mail
 s - a +0 pair of gloves (worn)
 u - a scarf of invisibility (worn)
 w - a +0 scale mail
 y - a +0 leather armour
 A - a +0 plate armour
 B - a +1 robe of willpower (worn)
Wands
 a - a wand of mindburst (9)
 x - a wand of polymorph (10)
Scrolls
 j - a scroll of holy word {D1, unknown}
 l - a scroll of blinking {D1, unknown}
 m - a scroll of amnesia {D1, unknown}
 n - a scroll of noise {unknown}
 v - a scroll of immolation {D3, unknown}
 z - a scroll of fog {unknown}
Potions
 c - a potion of brilliance {unknown}
 f - a potion of heal wounds {D1, unknown}
 h - 3 potions of curing {D1}
 i - a potion of flight {D1, unknown}
 p - 2 potions of attraction
 r - a potion of berserk rage {unknown}


   Skills:
 + Level 5.9 Fighting
 - Level 2.7(3.0) Short Blades
 * Level 1.3(2.3) Long Blades
 - Level 1.5 Maces & Flails
 + Level 3.4(3.8) Slings
 - Level 2.3(3.2) Throwing
 - Level 3.0 Armour
 * Level 3.0 Dodging
 - Level 1.5 Stealth
 + Level 2.4 Invocations


You had 7 spell levels left.
You didn't know any spells.
Your spell library was empty.

Dungeon Overview and Level Annotations

Branches:
Dungeon (5/15)             Temple (1/1) D:4

Altars:
Gozag
Hepliaklqana
Qazlal
Sif Muna
Trog
Wu Jian
Xom

Shops:
D:2 !!?*[


Message History

Press: ? - help, Q - select action, (/) - cycle Shift-Dir - straight line, f/p - gnoll
Aim: a gnoll, wielding a +0 halberd (severely wounded, 65% to hit)
You shoot a sling bullet. The sling bullet hits the gnoll.
The sling bullet freezes the gnoll.
The gnoll is almost dead.
A shadow imp comes into view.
Fire: 36 sling bullets
Press: ? - help, Q - select action, (/) - cycle Shift-Dir - straight line, f/p - gnoll
Aim: a gnoll, wielding a +0 halberd (almost dead, 65% to hit)
You shoot a sling bullet.
The sling bullet completely misses the gnoll sergeant.
The shadow imp shouts, "Take thy face hence, thou fulsome dread-bolted snake-molt!"
The sling bullet hits the gnoll but does no damage.
The gnoll is almost dead.
The gnoll sergeant completely misses you.
Aiming: Upheaval
Press: ? - help, Dir - move target, f - gnoll, p - gnoll
Aim: a gnoll, wielding a +0 spear A storm cloud blasts the area with cutting wind!
The cutting wind hits the gnoll!
The gnoll is severely wounded.
The gnoll hits you from afar with a +0 spear!
The gnoll sergeant barely misses you.
Your +1 hunting sling of freezing stops glowing.
E - a +2 vorpal falchion (weapon)
The gnoll barely misses you.
The gnoll hits you with a +3 vorpal flail!
The gnoll sergeant hits you from afar with a +0 spear!
The gnoll hits you from afar with a +0 spear!
Found a purple potion.
You hit the gnoll.
The gnoll is moderately wounded.
The gnoll hits you with a +3 vorpal flail.
* * * LOW HITPOINT WARNING * * *
x2 The gnoll sergeant hits you from afar with a +0 spear!
* * * LOW HITPOINT WARNING * * *
The gnoll hits you from afar with a +0 spear.
* * * LOW HITPOINT WARNING * * *
The gnoll hits you with a +3 vorpal flail.
You die...

. ..#####
(!..... ......5
....(gg####+###
....gg°@......#
.!#####.......#
#.......#
#.......#
#.......#
+.<.....#
#.......#
#########


You could see a gnoll sergeant, 3 gnolls and a shadow imp.

Vanquished Creatures
  Sigmund (D:4)
  A steam dragon (D:4)
  Edmund (D:4)
  An ogre (D:4)
  A jelly (D:4)
  An iguana (D:4)
  A hound skeleton (D:4)
  3 gnolls (D:4)
  4 adders
  2 adder skeletons (D:4)
  A worm (D:3)
  4 dart slugs
  6 orcs (D:4)
  4 ball pythons
  6 bats
  9 endoplasms
  3 giant cockroaches
  9 goblins
  5 hobgoblins
  9 jackals
  4 quokkas
  4 frilled lizards
  7 kobolds
  7 rats
94 creatures vanquished.

Vanquished Creatures (others)
  6 plants (D:4)
  4 toadstools (D:1)
10 creatures vanquished.

Grand Total: 104 creatures vanquished

Notes
Turn   | Place    | Note
-------+----------+-------------------------------------------
     0 | D:1      | wingedge the Human Wanderer began the quest for the Orb.
     0 | D:1      | wingedge set off with the following items: a +2 dagger, 2
                  | curare-tipped darts, a +0 hand axe, a +0 falchion, a +0
                  | robe
     0 | D:1      | Reached XP level 1. HP: 21/21 MP: 1/1
    69 | D:1      | Reached XP level 2. HP: 24/27 MP: 2/2
    86 | D:1      | Reached skill level 1 in Stealth
   443 | D:1      | Reached skill level 1 in Short Blades
   566 | D:1      | Reached XP level 3. HP: 33/33 MP: 3/3
   636 | D:1      | Reached skill level 1 in Dodging
   903 | D:2      | Found Hiun's Assorted Antiques.
  1159 | D:2      | Found a faded altar of an unknown god.
  1167 | D:2      | Became a worshipper of Qazlal Stormbringer
  1167 | D:2      | Reached * piety under Qazlal
  1184 | D:2      | Found Jybbeyreze's Magic Scroll Shop.
  1271 | D:2      | Found Apet's Distillery.
  1366 | D:2      | Found Komanees's Armour Shoppe.
  1536 | D:2      | Reached XP level 4. HP: 39/39 MP: 4/4
  2321 | D:2      | Found Tuimp's Distillery.
  2326 | D:2      | Bought a potion of curing for 33 gold pieces
  2326 | D:2      | Bought a potion of degeneration for 11 gold pieces
  2490 | D:2      | Bought a scroll of identify for 22 gold pieces
  2839 | D:3      | Found a hazy altar of Hepliaklqana.
  2921 | D:3      | Reached XP level 5. HP: 44/44 MP: 5/5
  2927 | D:3      | Reached skill level 1 in Slings
  3260 | D:4      | Reached skill level 1 in Invocations
  3429 | D:4      | Found a staircase to the Ecumenical Temple.
  3438 | Temple   | Entered the Ecumenical Temple
  3470 | D:4      | Noticed Edmund
  3492 | D:4      | Killed Edmund
  3493 | D:4      | Reached XP level 6. HP: 30/51 MP: 5/7
  3622 | D:4      | Noticed Sigmund
  3626 | D:4      | Killed Sigmund
  3627 | D:4      | Reached XP level 7. HP: 57/57 MP: 8/8
  3696 | D:4      | Reached ** piety under Qazlal
  3887 | D:4      | Noticed a steam dragon
  3893 | D:4      | Killed a steam dragon
  3894 | D:4      | Reached skill level 1 in Maces & Flails
  4176 | D:4      | Reached XP level 8. HP: 53/64 MP: 9/9
  4385 | D:5      | Entered Level 5 of the Dungeon
  4403 | D:5      | Slain by a gnoll

Illustrated notes

Levels and vault maps discovered:
D:1:      ldierk_water_garden, layout_rooms, serial_park_tiny_1,
          item_on_display_a
D:2:      layout_loops_corners, hellmonk_ecumenical_altar_heavens_door,
          serial_shops, nicolae_shop_stone, nicolae_shop_crystal, shop, shop,
          nicolae_diamond_shop, minmay_pentomino_t4
D:3:      layout_rooms, general_overflow_altar
D:4:      layout_loops_ring, minmay_temple_entry_crystal_x, serial_forest,
          infiniplex_forest_pool, infiniplex_forest_clump_long,
          infiniplex_forest_end_1, infiniplex_forest_corner_1,
          infiniplex_forest_end_double, infiniplex_forest_clump_diagonal,
          uniq_edmund, uniq_sigmund
D:5:      layout_gridville, roderic_roman_lattice, uniq_ijyb
Temple:   compressed_dpeg_triangle_lava_temple

Skill      XL: |  1  2  3  4  5  6  7 |
---------------+----------------------+-----
Stealth        | 1 |  1.5
Short Blades   | 1 2 |  2.7
Dodging        | 1 2 3 |  3.0
Slings         | 2 3 |  3.4
Invocations    | 1 2 |  2.4
Armour         | 3 |  3.0
Maces & Flails | 1 |  1.5
Fighting       | |  5.9
Long Blades    | |  1.3
Throwing       | |  2.3

Action                   |  1- 3 |  4- 6 |  7- 9 || total
-------------------------+-------+-------+-------++-------
Melee: Dagger            |   125 |    37 |     9 ||   171
       Falchion          |       |       |    15 ||    15
       Dire flail        |       |       |     7 ||     7
 Fire: Hunting sling     |       |   102 |    35 ||   137
Throw: Dart              |       |     4 |       ||     4
Invok: Upheaval          |       |       |     2 ||     2
Evoke: Wand              |       |       |     3 ||     3
  Use: Scroll            |       |     3 |       ||     3
 Stab: Sleeping          |     2 |       |       ||     2
Armor: Robe              |    18 |    16 |     5 ||    39
       Scale mail        |       |     8 |       ||     8
Dodge: Dodged            |    68 |    40 |    22 ||   130
Block: Other             |     1 |     1 |     2 ||     4
       Rpst.: Falchion   |       |       |     2 ||     2
